 Dungeon Crawl Stone Soup version 0.30-a0-757-ga6a79fd877 (webtiles) character file.

Game seed: 1487109731227904620

420 cheesebisquit the Cutter (level 6, -10/44 HPs)
             Began as a Merfolk Gladiator on Feb 9, 2023.
             Killed by divine providence
             ... invoked by an orc priest
              (16 damage)
             ... on level 5 of the Dungeon.
             The game lasted 00:19:05 (4347 turns).

cheesebisquit the Cutter (Merfolk Gladiator)        Turns: 4347, Time: 00:19:06

Health: -10/44     AC:  6    Str: 15    XL:     6   Next: 94%
Magic:  6/6        EV: 14    Int:  7    God:
Gold:   191        SH:  4    Dex: 17    Spells: 5/5 levels left

rFire   + . .      SeeInvis .    f - +0 dagger
rCold   + . .      Faith    .    p - +0 buckler
rNeg    . . .      Spirit   .    b - +0 leather armour
rPois   .          Reflect  .    c - +0 helmet
rElec   .          Harm     .    y - +1 cloak
rCorr   .          Rampage  .    (no gloves)
Will    .....                    (no boots)
Stlth   ++                       (no amulet)
HPRegen 0.27/turn                k - ring of protection from cold
MPRegen 0.10/turn                s - ring of protection from fire

@: studying Conjurations
A: (nimble swimmer 2), mertail
a: no special abilities


You were on level 5 of the Dungeon.
You visited 1 branch of the dungeon, and saw 5 of its levels.

You collected 191 gold pieces.

Inventory:

Hand Weapons
 a - a +0 rapier
 f - a +0 dagger (weapon)
 q - a +0 short sword
Missiles
 g - 3 silver boomerangs
 t - a javelin
 v - 5 poisoned darts
Armour
 b - a +0 leather armour (worn)
 c - a +0 helmet (worn)
 p - a +0 buckler (worn)
 y - a +1 cloak (worn)
Jewellery
 k - a ring of protection from cold (left hand)
 s - a ring of protection from fire (right hand)
Wands
 n - a wand of flame (3)
 x - a wand of charming (1) (quivered)
 D - a wand of polymorph (9)
Scrolls
 e - a scroll of noise {unknown}
 i - a scroll of enchant weapon {unknown}
 j - a scroll of silence
 m - a scroll of torment {unknown}
 u - a scroll of amnesia {unknown}
 w - a scroll of teleportation {unknown}
 z - a scroll of vulnerability {unknown}
 B - a scroll of poison {unknown}
Potions
 d - 2 potions of mutation {unknown}
 h - 2 potions of degeneration {unknown}
 l - 2 potions of lignification {unknown}
 o - a potion of curing {unknown}
 r - a potion of berserk rage {unknown}
 A - a potion of flight {unknown}


   Skills:
 - Level 2.1 Fighting
 * Level 7.2 Short Blades
 - Level 2.0 Throwing
 + Level 5.5 Dodging
 + Level 3.9 Stealth


You had 5 spell levels left.
You didn't know any spells.
Your spell library contained the following spells:

 Spells                   Type           Power      Damage    Failure   Level
 Magic Dart               Conj           0%         1d3       63%         1


Dungeon Overview and Level Annotations

Branches:
Dungeon (5/15)
 Temple: D:4-7

Altars:
Elyvilon
Okawaru

Shops:
D:4 *


Innate Abilities, Weirdness & Mutations

((You are very nimble when in or above water. (Stealth+, EV+, Speed+++)))
Your lower body shifts to a powerful aquatic tail in water.


Message History

The orc warrior barely misses your iguana.
The orc warrior hits your iguana with a +0 mace!
The orc warrior hits your iguana with a +0 mace!
Your iguana dies!
Aiming: Charm
Press: ? - help, Q - select action, (/) - cycle Shift-Dir - straight line, f - orc warrior
Aim: an orc warrior, wielding a +0 mace and wearing a +0 chain mail (chance to affect: 49%)
The orc warrior resists with some effort.
Aiming: Charm
Press: ? - help, Q - select action, (/) - cycle Shift-Dir - straight line, f/p - orc warrior
Aim: an orc warrior, wielding a +0 mace and wearing a +0 chain mail (chance to affect: 49%)
The orc warrior is charmed.
The yak closely misses your orc warrior.
The orc priest invokes the aid of Beogh against you.
Beogh smites you! The yak gores your orc warrior!
The yak gores your orc warrior but does no damage.
The yak gores your orc warrior! The yak barely misses your orc warrior.
The yak completely misses your orc warrior.
The yak gores your orc warrior.
The orc priest mumbles some strange prayers to Beogh against you.
Beogh smites you! The yak gores your orc warrior.
The yak gores your orc warrior!
Your orc warrior dies!
Aiming: Charm
Press: ? - help, Q - select action, (/) - cycle Shift-Dir - straight line, f - yak
Aim: a yak (chance to affect: 49%)
The yak is charmed.
The orc hits your yak with a +0 war axe.
An orc comes into view. It is wielding a +0 club.
Your yak gores the orc!
The orc dies!
Okay, then.
The orc priest looks braver for a moment.
The orc priest mumbles some strange prayers to Beogh against you.
Beogh smites you!
* * * LOW HITPOINT WARNING * * *
The orc priest calls down the wrath of Beogh upon you.
Beogh smites you!
You die...

.....# #.# #.#
....## #.# #.#
....# #.# #.#
.#### #.# #.# .
#.# #.# .
#.#######.#
######.........#
................#
.#############@##
#Y# #o# #h#
......lo..o....
..#...#...#...#
#...#$#...# #.
#...# . #...#
.... .. .....


You could see a howler monkey, an iguana, an orc priest, an orc and a friendly
yak (charmed).

Vanquished Creatures
  2 phantoms (D:4)
  A hound (D:4)
  A jelly (D:4)
  An iguana (D:5)
  A gnoll (D:1)
  7 adders
  A shadow imp (D:4)
  A white imp (D:5)
  9 orcs
  7 endoplasms
  3 giant cockroaches (D:4)
  3 hobgoblins
  6 kobolds
  A quokka (D:2)
  10 ball pythons
  6 bats
  4 frilled lizards
  8 goblins
  7 rats
79 creatures vanquished.

Vanquished Creatures (collateral kills)
  An orc (D:5)
1 creature vanquished.

Vanquished Creatures (others)
  An orc warrior (D:5)
  An iguana (D:5)
  A quokka (D:5)
3 creatures vanquished.

Grand Total: 83 creatures vanquished

Notes
Turn   | Place    | Note
-------+----------+-------------------------------------------
     0 | D:1      | cheesebisquit the Merfolk Gladiator began the quest for the
                  | Orb.
     0 | D:1      | Reached XP level 1. HP: 16/16 MP: 1/1
   170 | D:1      | Reached skill level 4 in Short Blades
   377 | D:1      | Reached XP level 2. HP: 22/22 MP: 2/2
   526 | D:1      | Reached skill level 1 in Stealth
   776 | D:1      | Found a faded altar of an unknown god.
   795 | D:1      | Got Plato's Reference Book on Blasts
   849 | D:1      | Reached XP level 3. HP: 27/27 MP: 3/3
  1418 | D:2      | Reached skill level 5 in Short Blades
  2017 | D:3      | Reached XP level 4. HP: 14/33 MP: 4/4
  3057 | D:4      | Reached XP level 5. HP: 38/38 MP: 5/5
  3218 | D:4      | Found Leamed's Neck Hole.
  3409 | D:4      | Reached skill level 6 in Short Blades
  3422 | D:4      | Found a white marble altar of Elyvilon.
  3639 | D:4      | Noticed a phantom
  3708 | D:4      | Killed a phantom
  3709 | D:4      | Reached skill level 5 in Dodging
  3709 | D:4      | Reached XP level 6. HP: 41/44 MP: 6/6
  4071 | D:4      | Found an iron altar of Okawaru.
  4177 | D:5      | Entered Level 5 of the Dungeon
  4199 | D:5      | Reached skill level 7 in Short Blades
  4299 | D:5      | Noticed an orc warrior
  4308 | D:5      | Noticed a yak
  4347 | D:5      | Killed from afar by an orc priest

Illustrated notes

Levels and vault maps discovered:
D:1:      matt_arrival_los_fun, layout_basic,
          shapermc_ecumenical_altar_rom_forum, corexii_leaking_fountain
D:2:      layout_loops_cross
D:3:      layout_loops_corners
D:4:      layout_basic, mainiacjoe_overflow_alcove_4, kennysheep_mini_moat,
          serial_corexii_hall, corexii_hall_statues_x, chequers_hall_statues_y,
          nicolae_shop_sticking_my_neck_out
D:5:      cheibrodos_fzero, layout_loops_ring, mainiacjoe_overflow_catwalk,
          minmay_temple_entry_overgrown

Skill      XL: |  1  2  3  4  5  6 |
---------------+-------------------+-----
Short Blades   | 4 5 6 7 |  7.2
Stealth        | 1 2 3 |  3.9
Dodging        | 5 |  5.5
Fighting       | |  2.1
Throwing       | |  2.0

Action                     |  1- 3 |  4- 6 || total
---------------------------+-------+-------++-------
  Melee: Dagger            |   127 |   224 ||   351
         Rapier            |     1 |       ||     1
         Punch             |     1 |       ||     1
  Throw: Dart              |    31 |    44 ||    75
         Javelin           |    13 |     2 ||    15
         Throwing net      |     5 |       ||     5
         Boomerang         |       |    17 ||    17
  Evoke: Wand              |       |    29 ||    29
    Use: Potion            |     1 |     2 ||     3
         Scroll            |       |     1 ||     1
   Stab: Sleeping          |     2 |     5 ||     7
 Armour: Leather armour    |    24 |    43 ||    67
  Dodge: Dodged            |    74 |   123 ||   197
  Block: Buckler           |     7 |    21 ||    28

Table legend: (Time is in decaauts)
 A = Elapsed time spent in this place.
 B = Non-inter-level travel time spent in this place.
 C = Inter-level travel time spent in this place.
 D = Time resting spent in this place.
 E = Time spent auto-exploring this place.
 F = Levels seen in this place.
 G = Mean time per level.
                   A        B        C        D        E       F      G
               +--------+--------+--------+--------+--------+-----+--------+
         Total |   4267 |   4074 |    193 |     34 |   3213 |   5 |  853.4 |
       Dungeon |   4267 |   4074 |    193 |     34 |   3213 |   5 |  853.4 |
               +--------+--------+--------+--------+--------+-----+--------+

Top non-repeatable levels by time:
     D:1: 1182 daAuts
     D:4: 1086 daAuts
     D:3: 1066 daAuts
     D:2: 763 daAuts
     D:5: 168 daAuts
